 Dungeon Crawl Stone Soup version 0.29-a0-72-g1732ff48e7 (webtiles) character file.

Game seed: 9070401383265107804

111 bande the Skirmisher (level 4, -6/29 HPs)
             Began as a Gargoyle Fighter on Feb 4, 2022.
             Killed by divine providence
             ... invoked by an orc priest
              (11 damage)
             ... on level 3 of the Dungeon.
             The game lasted 00:03:15 (2100 turns).

bande the Skirmisher (Gargoyle Fighter)             Turns: 2100, Time: 00:03:15

Health: -6/29      AC: 16    Str: 20    XL:     4   Next: 92%
Magic:  4/4        EV:  5    Int:  8    God:
Gold:   86         SH:  4    Dex: 11    Spells: 3/3 levels left

rFire   . . .      SeeInvis .   a - +0 war axe
rCold   . . .      Faith    .   c - +0 buckler
rNeg    + . .      Spirit   .   g - +0 plate armour
rPois   ∞          Reflect  .   (no helmet)
rElec   +          Harm     .   (no cloak)
rCorr   .          Rampage  .   f - +0 pair of gloves
Will    .....                   (no boots)
Stlth   ..........              (no amulet)
HPRegen 0.09/turn               (no ring)
MPRegen 0.09/turn               (no ring)

@: no status effects
A: sickness immunity, AC +3, negative energy resistance 1, electricity
resistance, torment resistance 1, petrification resistance
a: no special abilities


You were on level 3 of the Dungeon.
You visited 1 branch of the dungeon, and saw 3 of its levels.

You collected 86 gold pieces.

Inventory:

Hand Weapons
 a - a +0 war axe (weapon)
 j - a +0 war axe
Armour
 c - a +0 buckler (worn)
 f - a +0 pair of gloves (worn)
 g - a +0 plate armour (worn)
Scrolls
 i - a scroll of noise {unknown}
 l - a scroll of blinking
Potions
 b - a potion of degeneration {unknown}
 d - a potion of might
 e - 5 potions of heal wounds
 h - a potion of flight {unknown}
 k - a potion of lignification {unknown}


   Skills:
 + Level 4.1 Fighting
 + Level 3.0 Axes
 + Level 3.8 Armour
 + Level 4.0 Shields


You had 3 spell levels left.
You didn't know any spells.
Your spell library contained the following spells:

 Spells                   Type           Power      Damage    Failure   Level
 Magic Dart               Conj           0%         1d3       100%        1
 Searing Ray              Conj           0%         2d4       100%        2
 Call Canine Familiar     Summ           0%         N/A       100%        3
 Portal Projectile        Hex/Tloc       0%         N/A       100%        3
 Fulminant Prism          Conj/Hex       0%         3d6       100%        4
 Leda's Liquefaction      Hex/Erth       0%         N/A       100%        4
 Passage of Golubria      Tloc           0%         N/A       100%        4
 Silence                  Hex/Air        0%         N/A       100%        5
 Lehudib's Crystal Spear  Conj/Erth      0%         10d2      100%        8


Dungeon Overview and Level Annotations

Branches:
Dungeon (3/15)

Altars:
Beogh


Innate Abilities, Weirdness & Mutations

You are immune to sickness and miasma.
Your stone body is resilient. (AC +3)
You are immune to poison.
You resist negative energy. (rN+)
You are resistant to electric shocks. (rElec)
You are resistant to unholy torment.
You are immune to petrification.


Message History

No target in view!
No target in view!
No target in view!
No target in view!
No target in view!
Found a stone staircase leading down.
Things that are here:
a +0 short sword; 5 stones You now have 78 gold pieces (gained 17).
Found a stone staircase leading down.
Things that are here:
a +0 short sword; 5 stones
Things that are here:
a +0 short sword; a kobold corpse You now have 86 gold pieces (gained 8).
You open the door. 2 orc priests and 2 orcs come into view.
The orc shouts! x2
Found 45 gold pieces.
Found a roughly hewn altar of Beogh.
The orc priest looks braver for a moment.
The orc priest calls down the wrath of Beogh upon you.
Beogh smites you!
An orc comes into view. It is wielding a +0 whip.
The orc shouts!
You hear a shout! x2 2 orcs come into view.
The orc shouts! x2
An orc priest comes into view. It is wielding a +0 dagger.
An orc priest comes into view. It is wielding a +0 mace.
An orc comes into view. It is wielding a +0 dagger.
The orc priest shouts!
You hear a shout! x2
An orc comes into view. It is wielding a +0 club.
An orc wizard comes into view. It is wielding a +0 dagger.
An orc comes into view. It is wielding a +0 hand axe.
The orc priest mumbles some strange prayers to Beogh against you.
Beogh smites you!
* * * LOW HITPOINT WARNING * * *
You hear a shout!
The orc priest mumbles some strange prayers to Beogh against you.
Beogh smites you!
You die...

## #............# #.....<
#..........#.###### ###....
#..........#......### ####...†
#..........######...##........ ##
#..........# ###...........
$$##....(.##### ###............
$8.#..##### ##......#.......
.oo'..# #####..#.####.......
#.o########..@..........######
##.....o...o..............#####
###...######...o....#####........
......# #.#oo##.## #########
......# #.#..o.... # ......#
....o...... # #######
#..##.o.....# # ..###...o...#
####### ### ...... .......


You could see an orc priest and 5 orcs.

Vanquished Creatures
  6 adders
  A dart slug (D:1)
  An orc (D:3)
  7 bats
  An endoplasm (D:1)
  2 giant cockroaches
  4 goblins
  4 hobgoblins
  2 quokkas (D:2)
  10 ball pythons
  2 frilled lizards
  8 kobolds
  6 rats
54 creatures vanquished.

Notes
Turn   | Place    | Note
-------+----------+-------------------------------------------
     0 | D:1      | bande the Gargoyle Fighter began the quest for the Orb.
     0 | D:1      | Reached XP level 1. HP: 14/14 MP: 1/1
    50 | D:1      | Reached XP level 2. HP: 16/19 MP: 2/2
   408 | D:1      | Found a faded altar of an unknown god.
   535 | D:1      | Reached XP level 3. HP: 20/24 MP: 3/3
  1287 | D:2      | Reached XP level 4. HP: 27/29 MP: 4/4
  2100 | D:3      | Killed from afar by an orc priest

Illustrated notes

Levels and vault maps discovered:
D:1:      kennysheep_arrival_forest, layout_rooms,
          hellmonk_ecumenical_altar_crossroads,
          nicolae_concentric_dashed_squares_mild, serial_bayou_pond_d
D:2:      layout_basic
D:3:      layout_rooms, kennysheep_orc_chapel

Skill      XL: |  1  2  3  4 |
---------------+-------------+-----
Axes           | 2 3 |  3.0
Fighting       | 4 |  4.1
Shields        | 4 |  4.0
Armour         | |  3.8

Action                   |  1- 3 |  4- 6 || total
-------------------------+-------+-------++-------
Melee: War axe           |    98 |    56 ||   154
  Use: Scroll            |     3 |       ||     3
Armor: Scale mail        |    54 |       ||    54
       Plate armour      |    26 |    36 ||    62
Dodge: Dodged            |    39 |    21 ||    60
Block: Buckler           |    38 |    23 ||    61

Table legend: (Time is in decaauts)
 A = Elapsed time spent in this place.
 B = Non-inter-level travel time spent in this place.
 C = Inter-level travel time spent in this place.
 D = Time resting spent in this place.
 E = Time spent auto-exploring this place.
 F = Levels seen in this place.
 G = Mean time per level.
                   A        B        C        D        E       F      G
               +--------+--------+--------+--------+--------+-----+--------+
         Total |   2165 |   2150 |     15 |      0 |   1667 |   3 |  721.7 |
       Dungeon |   2165 |   2150 |     15 |      0 |   1667 |   3 |  721.7 |
               +--------+--------+--------+--------+--------+-----+--------+

Top non-repeatable levels by time:
     D:1: 912 daAuts
     D:2: 885 daAuts
     D:3: 367 daAuts
